 Dungeon Crawl Stone Soup version 0.27.0-1-g7a089689b8 (webtiles) character file.

Game seed: 18380819704484894381

921 sasquatch the Chopper (level 8, -6/58 HPs)
             Began as a Formicid Abyssal Knight on Aug 10, 2021.
             Was a Priest of Lugonu.
             Splashed by a jelly's acid (10 damage)
             ... on level 5 of the Dungeon.
             The game lasted 00:07:38 (6238 turns).

sasquatch the Chopper (Formicid Abyssal Knight)     Turns: 6238, Time: 00:07:39

Health: -6/58      AC: -8    Str: 20    XL:     8   Next: 31%
Magic:  13/13      EV:  9    Int: 17    God:    Lugonu [***...]
Gold:   268        SH:  0    Dex: 10    Spells: 7/7 levels left

rFire    . . .     SeeInvis +   a - +1 hand axe
rCold    . . .     Faith    +   (no shield)
rNeg     . . .     Spirit   .   t - +0 scale mail
rPois    .         Reflect  .   (helmet unavailable)
rElec    .         Harm     .   (no cloak)
rCorr    .         Rampage  .   (no gloves)
Will     .....                  d - +0 pair of boots
Stlth    ..........             n - amulet of faith
HPRegen  0.19/turn              e - +6 ring of intelligence
MPRegen  0.13/turn              (no ring)

@: corroded
A: permanent stasis, dig shafts and tunnels, antennae 3, four strong arms
a: Dig, Shaft Self, Renounce Religion, Depart the Abyss, Bend Space, Banish


You were on level 5 of the Dungeon.
You worshipped Lugonu.
Lugonu was most pleased with you.
You visited 1 branch of the dungeon, and saw 5 of its levels.
You visited the Abyss 1 time.

You collected 268 gold pieces.

Inventory:

Hand Weapons
 a - a +1 hand axe (weapon)
 b - a +1 dagger of venom
 B - a +0 war axe
Missiles
 c - 43 poisoned darts (quivered)
 y - a throwing net
Armour
 d - a +0 pair of boots (worn)
 t - a +0 scale mail (worn)
Jewellery
 e - a +6 ring of intelligence (left hand)
 n - an amulet of faith (around neck)
Wands
 u - a wand of flame (12)
Scrolls
 f - 2 scrolls of fog {unknown}
 g - a scroll of noise {unknown}
 j - 4 scrolls of identify {unknown}
 m - 2 scrolls of magic mapping {unknown}
 o - a scroll of holy word {unknown}
 p - 2 scrolls of teleportation {unknown}
 z - a scroll of amnesia {unknown}
 A - a scroll of vulnerability {unknown}
 C - a scroll of enchant armour {unknown}
Potions
 h - 2 potions of curing
 i - 2 potions of resistance {unknown}
 k - 3 potions of mutation {unknown}
 l - a potion of attraction {unknown}
 q - a potion of brilliance {unknown}
 r - a potion of cancellation {unknown}
 s - a potion of heal wounds {unknown}
 v - a potion of experience {unknown}
 w - a potion of haste {unknown}
 x - a potion of flight {unknown}


   Skills:
 - Level 3.2 Fighting
 * Level 7.4 Axes
 - Level 2.1 Armour
 - Level 0.8 Dodging
 + Level 6.7 Invocations


You had 7 spell levels left.
You didn't know any spells.
Your spell library contained the following spells:

 Spells                   Type           Power      Damage    Failure   Level
 Shock                    Conj/Air       0%         1d3       56%         1
 Static Discharge         Conj/Air       0%         N/A       71%         2
 Airstrike                Air            0%         N/A       100%        4
 Dispel Undead            Necr           0%         3d6       100%        4
 Sticky Flame             Conj/Fire      0%         2d3       100%        4
 Conjure Ball Lightning   Conj/Air       0%         3x3d6     100%        6
 Discord                  Hex            0%         N/A       100%        8
 Disjunction              Tloc           0%         N/A       100%        8
 Swiftness                Air            Unusable   N/A       N/A         3

Dungeon Overview and Level Annotations

Branches:
Dungeon (5/15)
 Temple: D:4-7

Altars:
Gozag
Kikubaaqudgha
The Shining One

Annotations:
Abyss:1 Menkaure


Innate Abilities, Weirdness & Mutations

You cannot be hasted, slowed, berserked, paralysed or teleported.
You can dig through walls and to a lower floor.
You have a pair of large antennae on your head. (SInv)
Your four strong arms can wield two-handed weapons with a shield.


Message History

You hit the jelly.
Your hands burn!
The jelly is moderately wounded.
The jelly barely misses you.
You hit the jelly.
Your hands burn!
The jelly is heavily wounded.
The jelly hits you but does no damage.
You hit the jelly.
Your hands burn!
The jelly is heavily wounded.
The jelly hits you.
You are splashed with acid!
You hit the jelly. The acid corrodes you!
Your hands burn!
The jelly is almost dead.
The jelly hits you. The acid corrodes you!
You are splashed with acid!
You are too injured to fight recklessly!
You are too injured to fight recklessly!
Unknown command.
Okay, then.
You barely miss the jelly.
The jelly is almost dead.
The jelly barely misses you.
You hit the jelly. The acid corrodes you!
Your hands burn!
The jelly is almost dead.
The jelly misses you.
You hit the jelly but do no damage.
Your hands burn!
The jelly is almost dead.
The jelly barely misses you.
You hit the jelly but do no damage.
Your hands burn!
* * * LOW HITPOINT WARNING * * *
The jelly is almost dead.
The jelly hits you.
* * * LOW HITPOINT WARNING * * *
The acid corrodes you!
You are splashed with acid!
* * * LOW HITPOINT WARNING * * *
Press: ? - help, Shift-Dir - straight line, f - jelly
Aim: a jelly (almost dead, chance to affect: 89%)
You fail to use your ability.
The jelly jiggles.
The jelly hits you.
* * * LOW HITPOINT WARNING * * *
The acid corrodes you!
You are splashed with acid!
You die...

.....'.....#
.....#....##############
.....#<...##......##...#
.....#.................##
#...####'###............#
##### #^..#######'#####.#
.. #....##.........#.# ..
#....##.8..8..8.#.#
#....##...@.....#.#
#....###+##J##+##.#
#....# Z#.. #.# ####....#
#.# #.# #.......# {
{#..#.# #.......# { .##.#
#.......# ##.# #.......#
#.# ##......## #.#


You could see a jelly.

Vanquished Creatures
  A necrophage (D:3)
  2 phantoms
  A wyvern zombie (D:5)
  A scorpion (D:4)
  A crimson imp (D:3)
  A bullfrog zombie (D:5)
  An orc wizard (D:5)
  A killer bee zombie (D:5)
  A hound zombie (D:5)
  Robin (D:3)
  7 gnolls
  4 adders
  A shadow imp (D:5)
  An ufetubus (D:5)
  An adder skeleton (D:4)
  A worm (D:5)
  2 dart slugs
  13 orcs
  5 endoplasms
  2 giant cockroaches
  14 goblins
  7 hobgoblins
  7 jackals
  7 kobolds
  A quokka (D:1)
  5 ball pythons
  4 bats
  3 frilled lizards
  3 goblin skeletons (D:3)
  A hobgoblin zombie (D:3)
  2 kobold skeletons (D:3)
  2 orc zombies (D:3)
  3 rats
107 creatures vanquished.

Notes
Turn   | Place    | Note
-------+----------+-------------------------------------------
     0 | Abyss:1  | sasquatch the Formicid Abyssal Knight began the quest for
                  | the Orb.
     0 | Abyss:1  | Reached XP level 1. HP: 18/18 MP: 2/2
    45 | Abyss:1  | Noticed an ancient lich
    47 | D:1      | Escaped the Abyss
   299 | D:1      | Reached XP level 2. HP: 24/24 MP: 3/3
   365 | D:1      | Reached * piety under Lugonu
   733 | D:1      | Reached XP level 3. HP: 29/29 MP: 5/5
   817 | D:1      | Found a faded altar of an unknown god.
  1621 | D:2      | Reached skill level 3 in Axes
  1661 | D:2      | Reached XP level 4. HP: 35/35 MP: 6/6
  2358 | D:3      | Found a glowing golden altar of the Shining One.
  2611 | D:3      | Reached XP level 5. HP: 41/41 MP: 8/8
  2639 | D:3      | Reached skill level 4 in Axes
  2643 | D:3      | Reached ** piety under Lugonu
  2910 | D:3      | Noticed a necrophage
  2932 | D:3      | Killed a necrophage
  2933 | D:3      | Reached XP level 6. HP: 33/47 MP: 9/9
  3062 | D:3      | Found an ancient bone altar of Kikubaaqudgha.
  3072 | D:3      | Identified the +0 helmet of Limited Liability {rN+}
  3072 | D:3      | Noticed Robin
  3084 | D:3      | Killed Robin
  3589 | D:3      | Reached skill level 5 in Axes
  3751 | D:4      | Reached skill level 5 in Invocations
  4263 | D:4      | Reached *** piety under Lugonu
  4264 | D:4      | Reached XP level 7. HP: 29/52 MP: 10/10
  4534 | D:4      | Found an opulent altar of Gozag.
  4867 | D:5      | Entered Level 5 of the Dungeon
  4987 | D:5      | Reached skill level 6 in Axes
  5180 | D:5      | Noticed Menkaure
  5181 | D:5      | Banished Menkaure
  5294 | D:5      | Reached XP level 8. HP: 41/58 MP: 12/12
  5483 | D:5      | Reached skill level 7 in Axes
  6238 | D:5      | Splashed by a jelly's acid

Illustrated notes

Levels and vault maps discovered:
D:1:      dpeg_arrival_rooms_a, layout_basic,
          shapermc_ecumenical_altar_flowoftime
D:2:      layout_loops_ring
D:3:      layout_basic, nicolae_tso_besieged_by_evil,
          mainiacjoe_overflow_six_doors_small, chequers_garden, minmay_vboxes,
          uniq_robin
D:4:      layout_loops_ring, mainiacjoe_overflow_alcove_2
D:5:      minmay_chambers_of_threes, layout_gridville,
          minmay_temple_entry_from_below_b, minmay_misc_feat_four_crosses,
          uniq_menkaure

Skill      XL: |  1  2  3  4  5  6  7  8 |
---------------+-------------------------+-----
Invocations    | 3 4 5 6 |  6.7
Axes           | 3 4 5 6 7 |  7.4
Fighting       | |  3.2
Armour         | |  2.1
Dodging        | |  0.8

Action                   |  1- 3 |  4- 6 |  7- 9 || total
-------------------------+-------+-------+-------++-------
Melee: Hand axe          |    73 |   194 |   131 ||   398
Throw: Dart              |       |       |     4 ||     4
Invok: Depart the Abyss  |     1 |       |       ||     1
       Banish            |       |       |     3 ||     3
 Abil: Dig               |       |     1 |     4 ||     5
Armor: Leather armour    |    27 |    10 |       ||    37
       Scale mail        |       |    62 |    47 ||   109
Dodge: Dodged            |    46 |    70 |    51 ||   167
